AoeStats
← 76561198884563913

Black Forest

503371980Analyzed
4v4 RM · 1mo ago on Aug 31, 2026· 22m 6s· 8 players
Game mode
Random Map
Map size
Large (8 player)
Population
200
Speed
Normal
Resources
Standard
Victory
Conquest
Starting age
Dark Age
Ending age
Imperial Age
RankedLock teamsTeams togetherTeam positionsShared explorationLock speedFull tech treeHidden civsTurbo modeCheats
Victory
Defeat
🇸🇪 Magyars · Sweden
1369
+12
🇨🇳 Persians · China
1228
+18
🇸🇪 Goths · Sweden
1226
+18
🇸🇪 Japanese · Sweden
1200
+19
🇨🇳 Persians · China
1434
-24
🇨🇳 Bohemians · China
1369
-21
🇨🇳 Teutons · China
1286
-17
🇨🇳 Khmer · China
1004
-6
IkeP2
0:32 Loom
23:11 Feudal Age
半时
11:09 Feudal Age
11:39 Double-Bit Axe
14:44 Castle Age
13:59 Fishing Lines
15:36 Bow Saw
17:15 Horse Collar
21:19 Gillnets
22:21 Loom
johansoderstrom1
0:50 Loom
12:34 Feudal Age
16:50 Castle Age
17:03 Double-Bit Axe
18:16 Bow Saw
Peppe L-G
8:58 Loom
11:34 Feudal Age
15:29 Castle Age
14:33 Double-Bit Axe
15:18 Scale Barding Armor
15:05 Fishing Lines
17:46 Bow Saw
18:34 Husbandry
18:50 Fletching
21:27 Gold Mining
76561198884563913
7:48 Loom
11:02 Feudal Age
15:41 Castle Age
13:35 Double-Bit Axe
14:05 Horse Collar
16:56 Bow Saw
16:49 Heavy Plow
Minneapolis
1:17 Loom
16:51 Feudal Age
20:59 Castle Age
21:02 Castle Age
zhuge2021
0:27 Loom
13:59 Feudal Age
14:45 Double-Bit Axe
18:06 Castle Age
20:30 Bow Saw
21:54 Stone Mining
拷打
9:58 Feudal Age
15:22 Castle Age
14:01 Double-Bit Axe
Connection lost

Rejoining the realm…

Still unreachable

The connection could not be restored.

Session expired

The server has moved on; the page needs a fresh start.